 Dungeon Crawl Stone Soup version 0.30-a0-377-g5cb311bc9f (webtiles) character file.

Game seed: 17830778093028275624

51951 qeuew the Champion of Chaos (level 15, -9/117 HPs)
             Began as a Formicid Fighter on Nov 28, 2022.
             Was the Champion of Makhleb.
             Mangled by an 11-headed hydra (11 damage)
             ... on level 12 of the Dungeon.
             The game lasted 00:31:14 (16766 turns).

qeuew the Champion of Chaos (Formicid Fighter)     Turns: 16766, Time: 00:31:15

Health: -9/117     AC:  9    Str: 34    XL:     15   Next: 4%
Magic:  26/26      EV: 17    Int:  8    God:    Makhleb [******]
Gold:   1181       SH: 32    Dex: 12    Spells: 14/14 levels left

rFire   . . .      SeeInvis +    a - +1 war axe (flame)
rCold   + . .      Faith    .    u - +10 tower shield "Xuchuq" {rC+ Str+7 Dex-5 Slay+3}
rNeg    . . .      Spirit   .    x - +0 troll leather armour
rPois   .          Reflect  +    (helmet unavailable)
rElec   .          Harm     .    v - scarf {repulsion}
rCorr   .          Rampage  .    k - +1 pair of gloves {Str+3}
Will    ++...                    c - +0 pair of boots of Amelioration {Will+}
Stlth   +.........               m - amulet of reflection
HPRegen 1.19/turn                p - +4 ring of evasion
MPRegen 0.20/turn                h - ring of flight

@: flying, repel missiles
A: permanent stasis, dig shafts and tunnels, antennae 3, four strong arms
a: Dig, Shaft Self, Renounce Religion, Minor Destruction, Lesser Servant of
Makhleb, Major Destruction, Greater Servant of Makhleb


You were on level 12 of the Dungeon.
You worshipped Makhleb.
Makhleb was exalted by your worship.
You visited 3 branches of the dungeon, and saw 19 of its levels.
You also visited: Ice Cave.

You collected 1181 gold pieces.

Inventory:

Hand Weapons
 a - a +1 war axe of flaming (weapon)
Armour
 c - the +0 pair of boots of Amelioration (worn) {Will+}
   (You found it on level 4 of the Dungeon)

   Will:      It increases your willpower.
 k - a +1 pair of gloves of strength (worn)
 u - the +10 tower shield "Xuchuq" (worn) {rC+ Str+7 Dex-5 Slay+3}
   (You acquired it on level 1 of the Lair of Beasts)

   Str:       It affects your strength (+7).
   Dex:       It affects your dexterity (-5).
   Slay:      It affects your accuracy & damage with ranged weapons and melee
   (+3).
   rC:        It protects you from cold.
 v - a scarf of repulsion (worn)
 x - a +0 troll leather armour (worn)
Jewellery
 d - a ring of resist corrosion
 h - a ring of flight (right hand)
 m - an amulet of reflection (around neck)
 p - a +4 ring of evasion (left hand)
Wands
 j - a wand of polymorph (11)
 q - a wand of paralysis (4)
 s - a wand of roots (11)
 t - a wand of mindburst (13)
 y - a wand of light (9)
 z - a wand of flame (13)
Scrolls
 e - a scroll of fear
 i - a scroll of magic mapping
 l - 8 scrolls of identify
 o - 4 scrolls of butterflies
 r - a scroll of enchant weapon
 w - 4 scrolls of silence
 C - a scroll of enchant armour
 D - a scroll of brand weapon
Potions
 b - a potion of cancellation
 f - 5 potions of curing
 g - 3 potions of flight
 n - 3 potions of magic
 A - a potion of resistance
 B - a potion of brilliance


   Skills:
 + Level 10.6 Fighting
 + Level 9.5 Axes
 + Level 10.8 Armour
 + Level 8.4 Dodging
 + Level 12.7 Shields
 * Level 15.2 Invocations
 + Level 8.4 Evocations


You had 14 spell levels left.
You didn't know any spells.
Your spell library contained the following spells:

 Spells                   Type           Power      Damage    Failure   Level
 Apportation              Tloc           0%         N/A       83%         1
 Summon Small Mammal      Summ           0%         N/A       83%         1
 Call Canine Familiar     Summ           0%         N/A       99%         3
 Gell's Gravitas          Tloc           0%         N/A       99%         3
 Inner Flame              Hex/Fire       0%         N/A       99%         3
 Lesser Beckoning         Tloc           0%         N/A       99%         3
 Portal Projectile        Hex/Tloc       0%         N/A       99%         3
 Summon Guardian Golem    Hex/Summ       0%         N/A       99%         3
 Teleport Other           Tloc           0%         N/A       99%         3
 Animate Dead             Necr           0%         N/A       100%        4
 Cause Fear               Hex            0%         N/A       100%        4
 Leda's Liquefaction      Hex/Erth       0%         N/A       100%        4
 Alistair's Intoxication  Tmut/Pois      0%         N/A       100%        5
 Blade Hands              Tmut           0%         N/A       100%        5
 Borgnjor's Vile Clutch   Necr/Erth      0%         N/A       100%        5
 Freezing Cloud           Conj/Ice/Air   0%         6-21      100%        5
 Irradiate                Conj/Tmut      0%         3d11      100%        5
 Death Channel            Necr           0%         N/A       100%        6
 Simulacrum               Ice/Necr       0%         N/A       100%        6
 Dragon Form              Tmut           0%         N/A       100%        7
 Discord                  Hex            0%         N/A       100%        8
 Polar Vortex             Ice            0%         N/A       100%        9


Dungeon Overview and Level Annotations

Branches:
Dungeon (13/15)            Temple (0/1) D:6            Lair (5/5) D:9
  Swamp (0/4) Lair:2        Snake (1/4) Lair:3        Slime (0/5) Lair:4
    Orc (0/2) D:11          IceCv (visited)
 Vaults: D:13-14

Altars:
Ashenzari
Dithmenos
Makhleb
Qazlal
Sif Muna
Trog
Uskayaw
Wu Jian
Jiyva
Lugonu

Shops:
D:7 ?([

Portals:
Abyss: D:7 Lair:5

Annotations:
D:7 2 transporters, qeuew's ghost, novice FoFi
D:10 1 runed translucent door, kiwi3s's ghost, novice MiBe
D:12 Hoerefyi's ghost, journeyman TrBe


Innate Abilities, Weirdness & Mutations

You cannot be hasted, slowed, berserked, paralysed or teleported.
You can dig through walls and to a lower floor.
You have a pair of large antennae on your head. (SInv)
Your four strong arms can wield two-handed weapons with a shield.


Message History

You block the 13-headed hydra's attack. The 13-headed hydra closely misses you.
The 13-headed hydra misses you. The 13-headed hydra closely misses you.
The 13-headed hydra bites you! The 13-headed hydra misses you.
You hack one of the 13-headed hydra's heads off!
The flame cauterises the wound!
You slice the 12-headed hydra!! You burn the 12-headed hydra!
The 12-headed hydra is severely wounded.
You block the 12-headed hydra's attack. x2; The 12-headed hydra bites you!
You block the 12-headed hydra's attack. The 12-headed hydra bites you.
You block the 12-headed hydra's attack. The 12-headed hydra barely misses you.
The 12-headed hydra bites you but does no damage.
The 12-headed hydra bites you! The 12-headed hydra bites you.
The 12-headed hydra closely misses you. You block the 12-headed hydra's attack.
Unknown command.
You barely miss the 12-headed hydra.
The 12-headed hydra is severely wounded.
You block the 12-headed hydra's attack. x2
The 12-headed hydra closely misses you. You block the 12-headed hydra's attack.
The 12-headed hydra barely misses you. You block the 12-headed hydra's attack.
The 12-headed hydra bites you! The 12-headed hydra barely misses you.
You block the 12-headed hydra's attack.
The 12-headed hydra bites you but does no damage.
The 12-headed hydra bites you!
* * * LOW HITPOINT WARNING * * *
The 12-headed hydra bites you.
* * * LOW HITPOINT WARNING * * *
You hack one of the 12-headed hydra's heads off!
The flame cauterises the wound!
You slash the 11-headed hydra! You burn the 11-headed hydra.
The 11-headed hydra is severely wounded.
You block the 11-headed hydra's attack. x2; The 11-headed hydra bites you.
* * * LOW HITPOINT WARNING * * *
The 11-headed hydra bites you but does no damage.
You block the 11-headed hydra's attack. The 11-headed hydra closely misses you.
The 11-headed hydra bites you!
* * * LOW HITPOINT WARNING * * *
You block the 11-headed hydra's attack. The 11-headed hydra bites you!
* * * LOW HITPOINT WARNING * * *
You block the 11-headed hydra's attack. The 11-headed hydra bites you!
You die...

########### ### #.........#
..####.........##################
..'.##.........'@D...#..........#
..#.##.........#####............#
..#.##.........# ###..........#
..#..'.........# #..........#
..####.........# #..<.......# ###
####'###### ##W####.#### ##.#
##.# #..## #..# ####..#####>.#
###'######## #.......# ##.#


You could see a 11-headed hydra.

Vanquished Creatures
  2 catoblepae
  5 two-headed ogres
  A boulder beetle (D:11)
  3 thrashing horrors (Lair:5)
  Nergalle (D:12)
  Sonja (Lair:5)
  Pikel (D:6)
  A mana viper (Lair:3)
  3 deep elf pyromancers
  4 ugly things
  A cyclops (D:13)
  20 elephants
  4 black mambas
  A smoke demon (Lair:5)
  11 cane toads
  3 ice statues (IceCv)
  A rime drake (Lair:2)
  8 komodo dragons
  2 kobold demonologists
  A freezing wraith (IceCv)
  2 ancient zymes (Lair:5)
  A troll (D:13)
  A hornet (D:8)
  A dream sheep (shapeshifter) (Lair:5)
  17 blink frogs
  4 slime creatures
  7 dream sheep (Lair:5)
  A ynoxinul (Lair:5)
  A large abomination (Lair:5)
  A spriggan (Lair:5)
  29 yaks
  4 wraiths
  2 dire elephant simulacra (IceCv)
  A steam dragon (D:6)
  2 wyverns
  A vampire (D:9)
  3 chaos spawn (Lair:5)
  6 basilisks
  4 nagas (Lair:3)
  6 water moccasins
  3 orc warriors
  3 black bears
  A sky beast (D:7)
  2 ice beasts (D:8)
  8 wolves
  2 ogres
  5 centaurs
  6 kobold brigands
  2 phantoms (D:5)
  2 gnoll sergeants
  8 bullfrogs
  A cane toad simulacrum (IceCv)
  2 necrophages
  4 scorpions
  11 small abominations (Lair:5)
  7 wights (D:9)
  12 killer bees
  An elephant simulacrum (IceCv)
  4 howler monkeys
  4 electric eels (Lair:2)
  A gnoll bouda (D:4)
  7 hounds
  6 jellies
  5 orc priests
  2 iguanas
  5 orc wizards
  A polar bear simulacrum (IceCv)
  2 wolf simulacra (IceCv)
  22 gnolls
  11 adders
  A shadow imp (D:8)
  An ufetubus (D:5)
  A worm (D:3)
  4 dart slugs
  51 orcs
  3 bats
  2 endoplasms
  2 giant cockroaches
  7 goblins
  5 hobgoblins
  6 jackals
  8 quokkas
  4 ball pythons
  4 frilled lizards
  30 kobolds
  6 rats
453 creatures vanquished.

Vanquished Creatures (collateral kills)
  A boulder beetle (Lair:4)
  An anaconda (Lair:3)
  A catoblepas (Lair:3)
  A manticore (D:10)
  Psyche (D:8)
  A komodo dragon (D:9)
  A troll (D:9)
  A slime creature (D:11)
  A polar bear (Lair:4)
  2 blink frogs (Lair:4)
  A wyvern (Lair:4)
  An orc warrior (D:8)
  3 orcs
16 creatures vanquished.

Vanquished Creatures (others)
  A blink frog (Lair:5)
  A kobold (D:11)
  26 fungi
  49 plants
77 creatures vanquished.

Grand Total: 546 creatures vanquished

Notes
Turn   | Place    | Note
-------+----------+-------------------------------------------
     0 | D:1      | qeuew the Formicid Fighter began the quest for the Orb.
     0 | D:1      | Reached XP level 1. HP: 18/18 MP: 1/1
    73 | D:1      | Reached XP level 2. HP: 24/24 MP: 2/2
   245 | D:1      | Reached XP level 3. HP: 29/29 MP: 3/3
   457 | D:1      | Reached skill level 1 in Dodging
   753 | D:2      | Reached XP level 4. HP: 37/37 MP: 4/4
  1121 | D:2      | Found a faded altar of an unknown god.
  1131 | D:2      | Prayed at the altar of an unknown god.
  1131 | D:2      | Became a worshipper of Makhleb the Destroyer
  1131 | D:2      | Reached * piety under Makhleb
  1268 | D:2      | Identified a scroll of acquirement
  1268 | D:2      | Acquired a +1 tower shield of cold resistance
  1332 | D:3      | Reached XP level 5. HP: 31/42 MP: 5/5
  1562 | D:3      | Found a bloodstained altar of Trog.
  1569 | D:3      | Reached skill level 1 in Invocations
  2019 | D:4      | Found an ornate altar of the Wu Jian Council.
  2020 | D:4      | Found a broken altar of Ashenzari.
  2226 | D:4      | Reached skill level 5 in Shields
  2226 | D:4      | Reached skill level 2 in Invocations
  2226 | D:4      | Reached XP level 6. HP: 48/48 MP: 7/7
  2703 | D:4      | Reached skill level 3 in Invocations
  2704 | D:4      | Found a shadowy altar of Dithmenos.
  2715 | D:4      | Identified the +0 pair of boots of Amelioration {Will+}
  3140 | D:5      | Entered Level 5 of the Dungeon
  3158 | D:5      | Reached XP level 7. HP: 50/55 MP: 9/9
  3271 | D:5      | Identified the +1 leather armour "Fusauz" {Str+2}
  3414 | D:5      | Reached ** piety under Makhleb
  3452 | D:5      | Reached skill level 4 in Invocations
  3489 | D:5      | Reached XP level 8. HP: 61/61 MP: 11/11
  3507 | D:5      | Reached skill level 5 in Armour
  3967 | D:6      | Reached skill level 5 in Fighting
  4001 | D:6      | Reached skill level 5 in Invocations
  4063 | D:6      | Noticed Pikel
  4090 | D:6      | Killed Pikel
  4091 | D:6      | Reached skill level 6 in Invocations
  4091 | D:6      | Reached XP level 9. HP: 45/68 MP: 13/13
  4232 | D:6      | Reached skill level 5 in Axes
  4319 | D:6      | Found a staircase to the Ecumenical Temple.
  4907 | D:7      | Found Zanteank's Armour Shop.
  4949 | D:7      | Found Zaepraos's Weapon Shoppe.
  4950 | D:7      | Noticed a kobold demonologist
  4966 | D:7      | Noticed a rust devil
  4967 | D:7      | Killed a kobold demonologist
  4968 | D:7      | Reached skill level 7 in Invocations
  5161 | D:7      | Found a transporter.
  5201 | D:7      | Found a one-way gate to the infinite horrors of the Abyss.
  5201 | D:7      | Noticed qeuew's ghost (novice FoFi)
  5216 | D:7      | Noticed an ancient zyme
  5230 | D:7      | Found a transporter.
  5235 | D:7      | Found Puhirch's Magic Scroll Shoppe.
  5275 | D:7      | Reached XP level 10. HP: 71/76 MP: 15/15
  5279 | D:7      | Reached *** piety under Makhleb
  5857 | D:8      | Noticed Psyche
  6051 | D:8      | HP: 3/73 [ice beast (3)]
  6056 | D:8      | Killed Psyche
  6057 | D:8      | Reached skill level 8 in Invocations
  6061 | D:8      | Reached skill level 1 in Evocations
  6665 | D:8      | Found a shimmering blue altar of Sif Muna.
  6841 | D:8      | Found a stormy altar of Qazlal.
  7086 | D:9      | Found a staircase to the Lair.
  7087 | D:9      | Noticed a komodo dragon
  7107 | D:9      | Killed a komodo dragon
  7108 | D:9      | Reached skill level 9 in Invocations
  7110 | D:9      | Reached skill level 5 in Dodging
  7875 | D:9      | Reached XP level 11. HP: 76/84 MP: 18/18
  7904 | D:9      | Reached **** piety under Makhleb
  8408 | D:10     | Entered Level 10 of the Dungeon
  8434 | D:10     | Noticed a manticore
  8440 | D:10     | Killed a manticore
  8507 | D:10     | Found a runed translucent door.
  8511 | D:10     | Identified the +6 spear of Emecaw {vorpal, rPois}
  8511 | D:10     | Noticed kiwi3s's ghost (novice MiBe)
  8534 | D:10     | Identified the +6 mace of the Charming Seeker {venom,
                  | rElec}
  8642 | D:10     | Reached skill level 10 in Invocations
  8939 | Lair:1   | Entered Level 1 of the Lair of Beasts
  9107 | Lair:1   | Noticed an elephant
  9107 | Lair:1   | Noticed an elephant
  9107 | Lair:1   | Noticed an elephant
  9109 | Lair:1   | Noticed an elephant
  9178 | D:9      | Killed an elephant
  9239 | D:11     | Noticed a white ugly thing
  9242 | D:11     | Noticed a deep elf pyromancer
  9266 | D:10     | Killed a white ugly thing
  9275 | D:11     | Killed a deep elf pyromancer
  9334 | D:11     | Reached ***** piety under Makhleb
  9381 | D:11     | Found a staircase to the Orcish Mines.
  9480 | D:11     | Identified the +1 ring mail of Laewkapy {Will+ Dex+4
                  | Slay-5}
  9480 | D:11     | Noticed a two-headed ogre
  9488 | D:11     | Killed a two-headed ogre
  9971 | D:12     | Noticed a boulder beetle
 10103 | D:11     | Killed a boulder beetle
 10104 | D:11     | Reached skill level 11 in Invocations
 10104 | D:11     | Reached XP level 12. HP: 41/92 MP: 20/20
 10238 | D:12     | Found a runed translucent gate.
 10238 | D:12     | Found a runed translucent gate.
 10238 | D:12     | Found a runed translucent gate.
 10238 | D:12     | Noticed a 13-headed hydra
 10238 | D:12     | Noticed Hoerefyi's ghost (journeyman TrBe)
 10240 | D:12     | Noticed a ten-headed hydra
 10300 | D:12     | Reached skill level 5 in Evocations
 10376 | D:12     | Noticed a two-headed ogre
 10416 | D:11     | Noticed a two-headed ogre
 10426 | D:11     | Killed a two-headed ogre
 10529 | Lair:1   | Reached skill level 10 in Shields
 11142 | Lair:2   | Reached skill level 12 in Invocations
 11212 | Lair:1   | Acquired the +10 tower shield "Xuchuq" {rC+ Str+7 Dex-5
                  | Slay+3}
 11413 | Lair:2   | Reached XP level 13. HP: 67/100 MP: 22/22
 11596 | Lair:2   | Identified the +0 ring mail "Valahann" {Rampage rCorr Int-4
                  | Dex+2}
 11661 | Lair:2   | Found a staircase to the Swamp.
 12085 | Lair:3   | Found a hide-covered altar of Uskayaw.
 12235 | Lair:3   | Found a staircase to the Snake Pit.
 12328 | Lair:3   | Noticed a catoblepas
 12348 | Lair:3   | Killed a catoblepas
 12947 | Lair:4   | Noticed a catoblepas
 12997 | Lair:3   | Reached skill level 13 in Invocations
 13118 | Lair:4   | Killed a catoblepas
 13132 | Lair:4   | Found a frozen archway.
 13144 | IceCv    | Entered an ice cave
 13430 | IceCv    | Identified the ring "Dungygo" {Fly rElec rC+ rN+ Dex-4}
 13432 | IceCv    | Identified the +9 glaive of Embarrassment {antimagic, rF++
                  | rC- rCorr Stlth+}
 13624 | Lair:4   | Found a staircase to the Slime Pits.
 13624 | Lair:4   | Found a viscous altar of Jiyva.
 13756 | Lair:4   | You are sucked into a shaft and drop 1 floor!
 13756 | Lair:5   | Entered Level 5 of the Lair of Beasts
 14502 | Lair:5   | Noticed Sonja
 14514 | Lair:5   | Reached skill level 10 in Armour
 14514 | Lair:5   | Reached XP level 14. HP: 108/109 MP: 24/24
 14517 | Lair:5   | Killed Sonja
 14548 | Lair:5   | Reached skill level 14 in Invocations
 14747 | Lair:5   | Reached skill level 10 in Fighting
 15024 | Lair:5   | Reached ****** piety under Makhleb
 15491 | Lair:5   | Found a corrupted altar of Lugonu.
 15511 | Lair:5   | Identified the +7 arbalest "Beiturho" {freeze, Will+ Str+2
                  | Stlth-}
 15743 | Snake:1  | Entered Level 1 of the Snake Pit
 15997 | D:13     | Reached skill level 15 in Invocations
 16255 | D:12     | Noticed Nergalle
 16271 | D:12     | Killed Nergalle
 16376 | D:12     | Reached XP level 15. HP: 115/117 MP: 26/26
 16766 | D:12     | HP: 2/117 [11-headed hydra (12)]
 16766 | D:12     | Mangled by an 11-headed hydra

Illustrated notes

Levels and vault maps discovered:
D:1:      saegor_arrival_simple_b, layout_basic, nrook_mini_vaults
D:2:      layout_rooms, hellmonk_ecumenical_altar_lost_god
D:3:      layout_loops_ring, trog_butcher_becter, st_stairs_13
D:4:      layout_gridville, nicolae_dithmenos_shadow_blocks,
          nicolae_overflow_squiral, nicolae_elevator_lobby_plus
D:5:      layout_basic
D:6:      layout_basic, minmay_temple_entry_junction, uniq_pikel
D:7:      layout_basic, serial_shops, nicolae_shop_waterfront,
          nicolae_take_the_stairs, nicolae_shop_crystal,
          gammafunk_ghost_abyssal_escape
D:8:      layout_basic, lemuel_round_altar, nicolae_overflow_crystal_walls,
          amcnicky_mini_pool_medium, uniq_psyche
D:9:      layout_loops_cross, david_lair_shrubbed
D:10:     layout_roguey, ebering_ghost_funeral_grove
D:11:     layout_irregular_city, hiddenorc2_lemuel
D:12:     layout_roguey, gammafunk_ghost_hydra_chop, uniq_nergalle
D:13:     layout_cave_pools, hangedman_vaults_entry_quadrant_bands, st_stairs_2
Lair:1:   layout_small_grid
Lair:2:   layout_roguey, swamp_mist, serial_bayou_lake_a, grunt_megastairs_4,
          infiniplex_staircase_pool
Lair:3:   layout_regular_city, guppyfry_snake_entry_garden, basic_altar,
          chequers_serial_rivers_room_b
Lair:4:   layout_cave_pods, minmay_slime_entry_pillars,
          portal_ice_cave_entry_pillars_2
Lair:5:   hellmonk_lair_end_abyssal_woods, layout_loops_ring, uniq_sonja
Snake:1:  layout_grid_shapes, uniq_rupert

Skill      XL: |  1  2  3  4  5  6  7  8  9 10 11 12 13 14 |
---------------+-------------------------------------------+-----
Dodging        | 1 2 3 4 5 6 7 8 |  8.4
Invocations    | 2 3 4 6 7 9 11 12 13 15 | 15.2
Armour         | 4 5 6 7 8 9 10 | 10.8
Fighting       | 4 5 6 7 8 9 10 | 10.6
Axes           | 3 4 5 6 7 8 9 |  9.5
Shields        | 5 6 7 8 9 10 11 12 | 12.7
Evocations     | 2 4 6 7 8 |  8.4

Action                   |  1- 3 |  4- 6 |  7- 9 | 10-12 | 13-15 || total
-------------------------+-------+-------+-------+-------+-------++-------
Melee: War axe           |    58 |   166 |   188 |   375 |   652 ||  1439
Invok: Minor Destruction |       |       |    64 |   274 |    47 ||   385
       Lesser Servant of |       |       |       |     7 |     9 ||    16
       Major Destruction |       |       |       |     3 |       ||     3
Evoke: Wand              |       |       |       |     1 |       ||     1
  Use: Scroll            |     9 |     4 |     2 |     7 |     6 ||    28
       Potion            |     2 |     2 |     2 |     3 |     2 ||    11
 Stab: Distracted        |       |       |       |       |     4 ||     4
       Paralysed         |       |       |       |       |     1 ||     1
Armor: Scale mail        |    26 |    41 |    50 |    25 |       ||   142
       Troll leather arm |       |       |       |    59 |    96 ||   155
Dodge: Dodged            |    24 |    60 |    83 |   271 |   261 ||   699
       Repelled          |       |       |       |     3 |    10 ||    13
Block: Buckler           |    11 |    31 |       |       |       ||    42
       Tower shield      |       |   142 |   301 |   815 |  1144 ||  2402
       Reflection        |       |     2 |     7 |    14 |    12 ||    35

Table legend: (Time is in decaauts)
 A = Elapsed time spent in this place.
 B = Non-inter-level travel time spent in this place.
 C = Inter-level travel time spent in this place.
 D = Time resting spent in this place.
 E = Time spent auto-exploring this place.
 F = Levels seen in this place.
 G = Mean time per level.
                   A        B        C        D        E       F      G
               +--------+--------+--------+--------+--------+-----+--------+
         Total |  17315 |  16481 |    834 |    361 |  11775 |  20 |  865.8 |
       Dungeon |  11509 |  10849 |    660 |    221 |   8097 |  13 |  885.3 |
          Lair |   5463 |   5289 |    174 |     63 |   3662 |   5 | 1092.6 |
     Snake Pit |      9 |      9 |      0 |      0 |      0 |   1 |    9.0 |
      Ice Cave |    333 |    333 |      0 |     77 |     16 |   1 |  333.0 |
               +--------+--------+--------+--------+--------+-----+--------+

Top non-repeatable levels by time:
     D:9: 1469 daAuts
  Lair:5: 1350 daAuts
     D:8: 1233 daAuts
  Lair:3: 1165 daAuts
  Lair:4: 1115 daAuts
    D:11: 1074 daAuts
     D:4: 1061 daAuts
     D:7: 1060 daAuts
  Lair:2: 973 daAuts
     D:6: 938 daAuts
     D:5: 880 daAuts
  Lair:1: 858 daAuts
    D:12: 851 daAuts
     D:3: 829 daAuts
     D:1: 767 daAuts
